 Dungeon Crawl Stone Soup version 0.25-a0-589-g1e14c549ee (webtiles) character file.

Game seed: 7070155581630837985, levelgen mode: deterministic

30 ReteAZ the Poker (level 3, -9/28 HPs)
             Began as a Merfolk Gladiator on Mar 12, 2020.
             Mangled by an iguana (11 damage)
             ... on level 4 of the Dungeon.
             The game lasted 00:01:04 (691 turns).

ReteAZ the Poker (Merfolk Gladiator)                 Turns: 691, Time: 00:01:05

Health: -9/28      AC:  4    Str: 14    XL:     3   Next: 20%
Magic:  3/3        EV: 14    Int:  7    God:
Gold:   36         SH:  0    Dex: 16    Spells: 2/2 levels left

rFire    . . .     SeeInvis .   a - +0 trident
rCold    . . .     Gourm    .   (no shield)
rNeg     . . .     Faith    .   b - +0 leather armour
rPois    .         Spirit   .   c - +0 helmet
rElec    .         Reflect  .   (no cloak)
rCorr    .         Harm     .   (no gloves)
MR       .....                  (no boots)
Stlth    +.........             (no amulet)
HPRegen  0.09/turn              (no ring)
MPRegen  0.08/turn              (no ring)

@: no status effects
A: change form in water, swift swim, stealthy swim
a: no special abilities


You were on level 4 of the Dungeon.
You were not hungry.

You visited 1 branch of the dungeon, and saw 3 of its levels.

You collected 36 gold pieces.

Inventory:

Hand Weapons
 a - a +0 trident (weapon)
Missiles
 d - 3 throwing nets (quivered)
Armour
 b - a +0 leather armour (worn)
 c - a +0 helmet (worn)
 i - a cursed +0 robe
Scrolls
 e - a scroll of enchant weapon {unknown}
 h - 2 scrolls of fear {unknown}
 j - a scroll of blinking {unknown}
Potions
 k - 2 potions of curing {unknown}
 l - 2 potions of might {unknown}
Comestibles
 f - 2 rations
 g - 2 chunks of flesh


   Skills:
 + Level 2.8 Fighting
 * Level 5.7 Polearms
 - Level 2.0 Throwing
 - Level 4.0 Dodging


You had 2 spell levels left.
You didn't know any spells.
Your spell library was empty.

Dungeon Overview and Level Annotations

Branches:
Dungeon (2/15)

Altars:
Fedhas

Annotations:
D:4 Eustachio


Message History

The orc shouts!
You hear an angry hiss.
Found a dagger and a scroll labeled UQESIM PEEFAUSUG.
Eustachio the Magnificent comes into view.
He is wielding a +0 rapier.
You see here a dagger.
An iguana comes into view.
The iguana hisses angrily.
The iguana bites you! The iguana bites you!
* * * LOW HITPOINT WARNING * * *
Found 7 gold pieces.
An adder skeleton comes into view.
Found a stone staircase leading up.
Found 7 boomerangs.
Eustachio mumbles some strange words.
Eustachio gestures wildly while chanting.
Eustachio blinks!
There is a stone staircase leading up here.
A worker ant comes into view.
The bat barely misses you. The iguana bites you!
You die...

##### ## #... ..##
######.#######...#
#######.<..Z..r.........
.......bl.o........#....
#######@####.##..r..#.#.
#.................#.
....................#?
#.###.#(####.......$..#.
#.#.# #..#...b§#.#o
#.#.# #..##......#. #
#.# #.. ##..#...) #a.
#.. #.....## ........


You could see an iguana, a worker ant (sleeping), a river rat, an orc, a bat and
an adder skeleton.

Vanquished Creatures
  An ooze (D:1)
  3 leopard geckos (D:1)
  3 giant cockroaches (D:1)
  6 goblins (D:1)
  A hobgoblin (D:2)
  2 bats (D:1)
  2 frilled lizards (D:1)
  A kobold (D:1)
  3 rats (D:1)
22 creatures vanquished.

Notes
Turn   | Place    | Note
-------+----------+-------------------------------------------
     0 | D:1      | ReteAZ the Merfolk Gladiator began the quest for the Orb.
     0 | D:1      | Reached XP level 1. HP: 16/16 MP: 1/1
    24 | D:1      | Reached skill level 5 in Polearms
    24 | D:1      | Reached XP level 2. HP: 18/23 MP: 2/2
   365 | D:1      | Reached XP level 3. HP: 28/28 MP: 3/3
   668 | D:2      | Found a blossoming altar of Fedhas.
   673 | D:2      | You fall into a shaft and drop 2 floors!
   674 | D:4      | Noticed Eustachio
   677 | D:4      | HP: 1/28 [iguana (11)]
   691 | D:4      | Mangled by an iguana

Levels and vault maps discovered:
D:1:      scummos_arrival_hexagon, layout_loops_ring, st_stairs_7
D:2:      layout_basic, lemuel_crystal_altar, old_standard_altar,
          interstate_on_off
D:4:      layout_loops_ring, kennysheep_little_box, fiery_altar_vehumet,
          nicolae_overflow_crystal_walls, led_xom_imps,
          minmay_temple_entry_nine_rooms, uniq_eustachio

Skill      XL: |  1 |
---------------+----+-----
Polearms       | 5 |  5.7
Fighting       | |  2.8
Throwing       | |  2.0
Dodging        | |  4.0

Action                   || total
-------------------------++-------
Melee: Trident           ||    51
 Stab: Sleeping          ||     4
Armor: Leather armour    ||     2
Dodge: Dodged            ||    21

Table legend:
 A = Non-vault XP
 B = Vault XP
 C = Vault XP percentage of total XP
 D = Non-vault monster count
 E = Vault monster count
 F = Vault count percentage of total count
                 A         B        C        D         E       F
            +---------+---------+-------+---------+---------+-------
      Total |      42 |       2 |   4.5 |      21 |       1 |   4.5
            +---------+---------+-------+---------+---------+-------
        D:1 |      40 |       2 |   4.8 |      20 |       1 |   4.8
        D:2 |       2 |       0 |   0.0 |       1 |       0 |   0.0
            +---------+---------+-------+---------+---------+-------
